Map: King Sejong Station LE

Players

AHS - Winner!

  • Race: Zerg Zerg

A.I. 1 (Very Easy)

  • Race: Protoss Protoss

VOD

Have the link to the VOD?

Description

Time

  • Played on: Oct. 19, 2016, 12:14 a.m.
  • Length: 9:48
Show
View Real Time Build Order
Export as new Build Order

AHS Zerg - Winner!

Build Orders: Hatch First 

Get SALT Encoding   

  12  0:01  Drone  
  13  0:12  Overlord  
  13  0:17  Drone  
  14  0:31  Drone x2  
  16  0:37  Drone  
  17  0:54  Unknown, Hatchery  
  17  0:56  Drone  
  17  0:58  Drone  
  17  1:01  Extractor  
  17  1:07  Drone  
  18  1:17  Spawning Pool  
  17  1:20  Drone  
  18  1:30  Drone  
  19  1:39  Overlord  
  19  1:54  Drone  
  20  2:04  Drone  
  20  2:05  Queen, Unknown  
  20  2:06  Queen  
  25  2:09  Metabolic Boost  
  25  2:12  Zergling x4  
  27  2:21  Drone  
  28  2:23  Drone  
  28  2:29  Drone  
  30  2:39  Overlord, Drone  
  30  2:44  Lair  
  31  2:48  Queen  
  33  3:01  Drone  
  33  3:02  Drone x3  
  37  3:08  Drone  
  38  3:17  Overlord  
  38  3:18  Drone  
  39  3:24  Overlord  
  39  3:25  Drone  
  39  3:26  Drone x4  
  44  3:38  Drone x2  
  46  3:52  Hydralisk Den  
  46  3:53  Unknown, Hatchery  
  44  3:56  Extractor  
  44  3:59  Overlord, Drone  
  44  4:00  Drone x4  
  44  4:01  Extractor  
  47  4:03  Extractor  
  46  4:16  Overlord  
  46  4:17  Drone x4  
  50  4:28  Hydralisk x2  
  54  4:45  Hydralisk x2  
  56  4:49  Hydralisk  
  60  4:54  Evolution Chamber  
  60  4:55  Evolution Chamber  
  58  5:05  Unknown  
  58  5:08  Drone  
  58  5:09  Drone x12  
  71  5:22  Hydralisk x3  
  71  5:26  Zerg Missile Weapons Level 1  
  77  5:33  Drone x3  
  80  5:40  Zerg Ground Armor Level 1  
  80  5:44  Drone  
  80  5:45  Drone  
  82  5:50  Overlord x2  
  82  5:58  Unknown, Hatchery  
  82  6:01  Overlord  
  82  6:02  Overlord  
  82  6:03  Baneling Nest, Queen  
  82  6:20  Extractor x2  
  80  6:25  Muscular Augments  
  80  6:29  Drone  
  80  6:30  Drone x4, Hydralisk  
  80  6:31  Hydralisk x6  
  80  6:32  Overlord x5  
  99  6:41  Hydralisk  
  99  6:42  Hydralisk  
  103  6:53  Drone  
  104  7:00  Drone x3  
  104  7:01  Drone  
  108  7:03  Hydralisk  
  108  7:04  Hydralisk x6  
  122  7:10  Unknown  
  122  7:18  Hydralisk  
  122  7:19  Hydralisk x4  
  132  7:38  Baneling  
  132  7:39  Baneling x3  
  132  7:40  Zergling x2  
  132  7:41  Zergling x8  
  137  7:48  Drone x2  
  137  7:49  Hydralisk x6  
  137  7:50  Hydralisk x2  
  155  7:57  Overlord  
  155  8:00  Hydralisk  
  155  8:01  Hydralisk  
  155  8:04  Baneling  
  155  8:05  Baneling x5  
  159  8:31  Hydralisk  
  159  8:32  Overlord, Hydralisk x3  
  159  8:33  Overlord x11  
  163  9:16  Hydralisk x8  
  163  9:17  Hydralisk x4  
  162  9:19  Zergling x10  
Show
View Real Time Build Order
Export as new Build Order

A.I. 1 (Very Easy) Protoss 

Build Orders: 1 Gate Expand, Nexus First 

Get SALT Encoding   

  12  0:01  Probe (Chrono Boost)  
  13  0:11  Probe (Chrono Boost)  
  14  0:19  Pylon  
  14  0:42  Gateway  
  14  1:01  Nexus, Unknown  
  14  1:18  Pylon  
  14  1:22  Assimilator  
  14  1:26  Zealot  
  16  1:34  Cybernetics Core  
  16  1:36  Probe (Chrono Boost)  
  17  1:48  Probe (Chrono Boost)  
  18  1:57  Assimilator  
  18  1:59  Probe (Chrono Boost)  
  19  2:09  Probe (Chrono Boost)  
  19  2:10  Stalker  
  19  2:12  Unknown  
  19  2:14  Probe (Chrono Boost), Warp Gate  
  23  2:22  Probe (Chrono Boost)  
  24  2:29  Probe (Chrono Boost)  
  25  2:36  Probe (Chrono Boost)  
  26  2:50  Probe (Chrono Boost), Assimilator  
  27  2:53  Pylon  
  27  2:57  Probe (Chrono Boost)  
  28  3:04  Probe (Chrono Boost)  
  29  3:11  Probe (Chrono Boost)  
  30  3:17  Robotics Facility  
  30  3:19  Probe (Chrono Boost)  
  31  3:23  Zealot  
  33  3:32  Probe (Chrono Boost)  
  34  3:40  Probe (Chrono Boost)  
  34  3:47  Probe (Chrono Boost)  
  35  3:53  Probe (Chrono Boost)  
  36  4:02  Probe (Chrono Boost)  
  37  4:04  Observer  
  37  4:08  Probe (Chrono Boost)  
  39  4:15  Probe (Chrono Boost)  
  40  4:22  Probe (Chrono Boost)  
  41  4:25  Observer  
  41  4:29  Probe (Chrono Boost)  
  43  4:35  Assimilator  
  43  4:36  Probe (Chrono Boost)  
  44  4:38  Stalker  
  44  4:44  Probe (Chrono Boost)  
  47  4:47  Pylon  
  47  4:50  Probe (Chrono Boost)  
  48  4:59  Probe (Chrono Boost)  
  49  5:05  Probe (Chrono Boost)  
  50  8:38  Stalker  
  50  8:40  Pylon  
  44  8:51  Probe (Chrono Boost)  
  31  9:03  Pylon  
  31  9:06  Probe (Chrono Boost), Zealot  
  24  9:17  Probe (Chrono Boost)  
  23  9:24  Pylon  
Tags
 
Add a new tag
Caveats
  • Supply blocks, unpowered buildings, or Contaminate may cause inaccurate times.
  • Supply counts are checked every 10 seconds.